 Dungeon Crawl Stone Soup version 0.29.0-10-g45618ea6d2 (webtiles) character file.

Game seed: 17393752908407624943

249 VictoriousLee the Shooter (level 6, 0/35 HPs)
             Began as a Tengu Hunter on Sept 1, 2022.
             Slain by a black bear (2 damage)
             ... on level 4 of the Dungeon.
             The game lasted 00:12:06 (3173 turns).

VictoriousLee the Shooter (Tengu Hunter)            Turns: 3173, Time: 00:12:07

Health: 0/35       AC:  9    Str: 12    XL:     6   Next: 12%
Magic:  7/7        EV: 13    Int:  9    God:
Gold:   259        SH:  0    Dex: 25    Spells: 5/5 levels left

rFire   . . .      SeeInvis .   a - +0 shortbow
rCold   . . .      Faith    .   (shield currently unavailable)
rNeg    . . .      Spirit   .   t - +0 ring mail
rPois   .          Reflect  .   (helmet restricted)
rElec   .          Harm     .   (no cloak)
rCorr   .          Rampage  .   (no gloves)
Will    .....                   (boots unavailable)
Stlth   ++........              (no amulet)
HPRegen 0.11/turn               o - +4 ring of protection
MPRegen 0.10/turn               m - +6 ring of dexterity

@: flying quickly and evasively, quick
A: beak, talons 3, nimble flight
a: no special abilities


You were on level 4 of the Dungeon.
You visited 2 branches of the dungeon, and saw 6 of its levels.

You collected 259 gold pieces.

Inventory:

Hand Weapons
 a - a +0 shortbow (weapon)
 b - a +1 short sword of venom
Missiles
 p - 5 javelins
 w - 6 poisoned darts
Armour
 c - a +0 leather armour
 t - a +0 ring mail (worn)
Jewellery
 j - a ring of protection from cold
 m - a +6 ring of dexterity (right hand)
 o - a +4 ring of protection (left hand)
 q - the amulet "Gevij" {Faith +Inv rPois Int+3}
   (You found it on level 2 of the Dungeon)

   [amulet of faith]

   It allows you to gain divine favour quickly.
   Int:       It affects your intelligence (+3).
   rPois:     It protects you from poison.
   +Inv:      It lets you turn invisible.
 A - a +6 ring of intelligence
Wands
 k - a wand of light (11)
 u - a wand of mindburst (12)
 B - a wand of paralysis (6)
Scrolls
 e - 3 scrolls of identify {unknown}
 h - a scroll of immolation
 i - 2 scrolls of poison {unknown}
 l - a scroll of summoning {unknown}
 x - a scroll of enchant weapon {unknown}
 y - a scroll of brand weapon {unknown}
 z - 2 scrolls of vulnerability {unknown}
Potions
 d - 2 potions of invisibility {unknown}
 f - 4 potions of attraction {unknown}
 g - 2 potions of lignification {unknown}
 n - 2 potions of curing {unknown}
 r - 2 potions of mutation {unknown}
 s - a potion of ambrosia {unknown}
 v - 2 potions of magic {unknown}


   Skills:
 - Level 2.0 Fighting
 + Level 7.9 Ranged Weapons
 - Level 2.1 Dodging
 - Level 1.0 Stealth


You had 5 spell levels left.
You didn't know any spells.
Your spell library contained the following spells:

 Spells                   Type           Power      Damage    Failure   Level
 Sublimation of Blood     Necr           0%         N/A       80%         2
 Call Canine Familiar     Summ           0%         N/A       95%         3
 Portal Projectile        Hex/Tloc       0%         N/A       95%         3
 Leda's Liquefaction      Hex/Erth       0%         N/A       100%        4
 Petrify                  Tmut/Erth      0%         N/A       100%        4
 Irradiate                Conj/Tmut      0%         3d11      100%        5


Dungeon Overview and Level Annotations

Branches:
Dungeon (5/15)             Temple (1/1) D:4

Altars:
Ashenzari
Cheibriados
Dithmenos
Elyvilon
Fedhas
Kikubaaqudgha
Nemelex Xobeh
Qazlal
Uskayaw
Vehumet
Wu Jian
Xom
Yredelemnul
Zin
The Shining One

Shops:
D:1 (   D:2 [


Innate Abilities, Weirdness & Mutations

You have a beak for a mouth.
You have claws for feet.
Your magical nature lets you fly swiftly and evasively.


Message History

The black bear claws you but does no damage.
The black bear bites you. The black bear barely misses you.
The black bear completely misses you.
The black bear attacks as you move away!
The black bear barely misses you.
The black bear claws you but does no damage.
The black bear barely misses you.
The black bear attacks as you move away!
The black bear bites you. The black bear claws you.
The black bear claws you but does no damage.
The black bear rages.
The black bear misses you. The black bear barely misses you.
The black bear claws you but does no damage.
There is a stone staircase leading up here.
The black bear barely misses you. The black bear closely misses you.
The black bear barely misses you.
You fly upwards.
There is a stone staircase leading down here.
The black bear attacks as you move away!
The black bear bites you but does no damage.
The black bear claws you. The black bear barely misses you.
The black bear bites you!
* * * LOW HITPOINT WARNING * * *
The black bear misses you. The black bear claws you.
* * * LOW HITPOINT WARNING * * *
You are too injured to fight recklessly!
Fire: a) +0 shortbow
Press: ? - help, Q - select action, (/) - cycle Shift-Dir - straight line, f - black bear
Aim: a black bear (almost dead, berserk, 74% to hit)
You shoot an arrow. The arrow barely misses the black bear.
The black bear bites you but does no damage.
The black bear claws you but does no damage.
The black bear barely misses you.
Fire: a) +0 shortbow
Press: ? - help, Q - select action, (/) - cycle Shift-Dir - straight line, f/p - black bear
Aim: a black bear (almost dead, berserk, 74% to hit)
You shoot an arrow. The arrow hits the black bear.
The black bear is almost dead.
The black bear bites you.
You die...

#.##≈≈≈≈≈≈##..............
#..########...............
##.#######.....###.....##.
#.....##.###..#.#....####
#####.#..###.........###.
#......###.......##..
###...#.#............
#>h...#..####.###..
##@.......#8...8#.#
##.......###.###..
#..[....#8...8#..
##..#...###.###..
####...#8...8#..
##...###.###..
#....#8...8#..
##...###.###..
#......#......


You could see a black bear (berserk).

Vanquished Creatures
  An ogre (D:4)
  2 hounds (D:4)
  2 adders
  An ufetubus (D:4)
  A worm (D:3)
  A dart slug (D:1)
  An orc (D:4)
  6 bats
  4 endoplasms
  4 giant cockroaches
  12 goblins
  10 hobgoblins
  5 quokkas
  5 ball pythons
  4 frilled lizards
  8 kobolds
  4 rats (D:1)
71 creatures vanquished.

Notes
Turn   | Place    | Note
-------+----------+-------------------------------------------
     0 | D:1      | VictoriousLee the Tengu Hunter began the quest for the Orb.
     0 | D:1      | Reached XP level 1. HP: 12/12 MP: 2/2
    86 | D:1      | Reached XP level 2. HP: 17/17 MP: 3/3
   106 | D:1      | Reached skill level 5 in Ranged Weapons
   438 | D:1      | Found Fedossodd's Weapon Shop.
   576 | D:1      | Reached XP level 3. HP: 21/21 MP: 4/4
  1052 | D:2      | Reached skill level 6 in Ranged Weapons
  1243 | D:2      | Reached XP level 4. HP: 26/26 MP: 5/5
  1486 | D:2      | Found Sidac's Armour Boutique.
  1490 | D:2      | Identified the amulet "Gevij" {Faith +Inv rPois Int+3}
  1903 | D:3      | Found a hide-covered altar of Uskayaw.
  1919 | D:3      | Found a sparkling altar of Nemelex Xobeh.
  1942 | D:3      | Found a stormy altar of Qazlal.
  2103 | D:4      | Found a staircase to the Ecumenical Temple.
  2117 | Temple   | Entered the Ecumenical Temple
  2519 | D:4      | Gained mutation: Your magical nature lets you fly swiftly
                  | and evasively. [Tengu growth]
  2519 | D:4      | Reached XP level 5. HP: 30/30 MP: 6/6
  2767 | D:4      | Reached skill level 7 in Ranged Weapons
  2860 | D:4      | Noticed an ogre
  2885 | D:4      | Killed an ogre
  2886 | D:4      | Reached XP level 6. HP: 26/35 MP: 7/7
  3108 | D:5      | Entered Level 5 of the Dungeon
  3154 | D:5      | Noticed a black bear
  3173 | D:4      | Slain by a black bear

Illustrated notes

Levels and vault maps discovered:
D:1:      lightli_arrival_maybe_door_vault, layout_basic, serial_shops, shop
D:2:      layout_loops_corners, serial_shops, nicolae_shop_window_shopping
D:3:      layout_rooms, nicolae_qazlal_scattered_showers,
          mainiacjoe_overflow_catwalk_spiral, grunt_ministairs_14,
          mrwooster_statue_mirror
D:4:      layout_cave_pools, minmay_temple_entry_stoned_glass,
          kennysheep_another_room, minmay_misc_feat_hallway,
          minmay_ogre_servants
D:5:      layout_cave_pools, nicolae_hepliaklqana_hippocampus, okawaru_trees_1,
          serial_shops, nicolae_lakefront_shop, gammafunk_ghost_icy,
          hangedman_decor_growths, guppyfry_early_orc_mine, uniq_edmund
Temple:   minmay_temple_forest_path

Skill      XL: |  1  2  3  4  5 |
---------------+----------------+-----
Ranged Weapons | 5 6 7 |  7.9
Fighting       | |  2.0
Dodging        | |  2.1
Stealth        | |  1.0

Action                   |  1- 3 |  4- 6 || total
-------------------------+-------+-------++-------
 Fire: Shortbow          |    95 |    69 ||   164
Armor: Leather armour    |     6 |       ||     6
       Ring mail         |       |    14 ||    14
Dodge: Dodged            |    21 |    22 ||    43
